 Dungeon Crawl Stone Soup version 0.28-b1-25-g9875b3fc8c (webtiles) character file.

Game seed: 3447534711909908977

559 cayde69 the Skirmisher (level 7, -1/66 HPs)
             Began as a Hill Orc Fighter on Feb 2, 2022.
             Was a Believer of Beogh.
             Slain by Pikel (4 damage)
             ... on level 4 of the Dungeon.
             The game lasted 00:09:27 (4557 turns).

cayde69 the Skirmisher (Hill Orc Fighter)           Turns: 4557, Time: 00:09:28

Health: -1/66      AC:  6    Str: 27    XL:     7   Next: 31%
Magic:  7/7        EV: 10    Int:  8    God:    Beogh [**....]
Gold:   235        SH:  4    Dex: 10    Spells: 6/6 levels left

rFire   . . .      SeeInvis .   u - +0 war axe (drain)
rCold   + . .      Faith    .   c - +0 buckler
rNeg    . . .      Spirit   .   b - +0 scale mail
rPois   .          Reflect  .   (no helmet)
rElec   .          Harm     .   (no cloak)
rCorr   .          Rampage  .   (no gloves)
Will    .....                   (no boots)
Stlth   ..........              (no amulet)
HPRegen 0.21/turn               k - ring of protection from cold
MPRegen 0.10/turn               p - +6 ring of strength

@: no status effects
A: no striking features
a: Renounce Religion, Smiting


You were on level 4 of the Dungeon.
You worshipped Beogh.
Beogh was pleased with you.
You visited 1 branch of the dungeon, and saw 4 of its levels.

You collected 235 gold pieces.

Inventory:

Hand Weapons
 a - a +0 war axe
 j - a +2 short sword of venom
 u - a +0 war axe of draining (weapon)
Missiles
 o - 105 stones (quivered)
Armour
 b - a +0 scale mail (worn)
 c - a +0 buckler (worn)
Jewellery
 k - a ring of protection from cold (left hand)
 p - a +6 ring of strength (right hand)
Scrolls
 e - a scroll of vulnerability {unknown}
 g - 2 scrolls of teleportation {unknown}
 h - 2 scrolls of blinking
 m - 2 scrolls of identify {unknown}
 n - a scroll of summoning {unknown}
 q - a scroll of fog {unknown}
 r - a scroll of enchant weapon {unknown}
Potions
 i - a potion of resistance {unknown}
 l - a potion of mutation {unknown}
 s - a potion of curing {unknown}


   Skills:
 * Level 7.2 Fighting
 - Level 3.3 Short Blades
 * Level 5.1 Axes
 - Level 3.2 Armour
 - Level 1.3 Dodging
 - Level 0.7 Stealth
 - Level 3.2 Shields


You had 6 spell levels left.
You didn't know any spells.
Your spell library contained the following spells:

 Spells                   Type           Power      Damage    Failure   Level
 Ensorcelled Hibernation  Hex/Ice        0%         N/A       88%         2
 Passwall                 Tmut/Erth      0%         N/A       88%         2
 Swiftness                Air            0%         N/A       98%         3


Dungeon Overview and Level Annotations

Branches:
Dungeon (4/15)
 Temple: D:4-7

Altars:
Cheibriados
Fedhas
Qazlal
Sif Muna
The Shining One
Beogh

Shops:
D:3 (

Annotations:
D:4 1 runed translucent door, Pikel; lordive's ghost, amateur GrEE


Message History

Pikel hits you with a +2 whip of freezing.
You barely miss Pikel.
Pikel hits you with a +2 whip of freezing!
* * * LOW HITPOINT WARNING * * *
Pikel freezes you.
* * * LOW HITPOINT WARNING * * *
You closely miss Pikel.
Pikel hits you with a +2 whip of freezing.
* * * LOW HITPOINT WARNING * * *
Pikel freezes you.
* * * LOW HITPOINT WARNING * * *
Pikel hits you with a +2 whip of freezing.
* * * LOW HITPOINT WARNING * * *
You closely miss Pikel.
Pikel hits you with a +2 whip of freezing.
* * * LOW HITPOINT WARNING * * *
As you read the scroll of fear, it crumbles to dust.
You assume a fearsome visage.
Pikel looks frightened!
The lemure looks frightened!
You feel a little less mighty now.
Pikel is nearby!
Blink to where?
Press: ? - help, Dir - move target
As you read the scroll labelled SOAMME VOULLEH, it crumbles to dust.
It was a scroll of blinking.
You hit Pikel but do no damage. You drain Pikel.
Pikel is lightly wounded.
Pikel hits you but does no damage. Pikel closely misses you.
You closely miss Pikel.
Pikel is lightly wounded.
Pikel hits you with a +2 whip of freezing.
* * * LOW HITPOINT WARNING * * *
Pikel freezes you.
* * * LOW HITPOINT WARNING * * *
You barely miss Pikel.
Pikel is lightly wounded.
You hit the lemure but do no damage. The lemure hits you.
* * * LOW HITPOINT WARNING * * *
Pikel hits you with a +2 whip of freezing.
You die...

#.##.########
######.##.# #...
#......##.# #.#.
#.#######.# ###.#.
#.#.....#K# #...#.
#.#.....K.###.#)##
#.#.......†...#...
#5#......#########
#@#......#
#K#....).#
#.#.###### #.#.#
#...# ##### # #


You could see Pikel (drained) and a lemure.

Vanquished Creatures
  Eustachio (D:4)
  A phantom (D:4)
  3 lemures (D:4)
  Blork the orc (D:4)
  A hound (D:4)
  A jelly (D:4)
  An orc priest (D:4)
  An orc wizard (D:3)
  6 adders
  2 adder skeletons (D:4)
  2 worms (D:2)
  A dart slug (D:4)
  6 orcs
  6 endoplasms
  2 giant cockroaches
  12 goblins
  8 hobgoblins
  7 jackals (D:1)
  2 ball pythons
  3 bats
  3 frilled lizards
  11 kobolds
  3 rats
84 creatures vanquished.

Vanquished Creatures (others)
  6 plants (D:1)
6 creatures vanquished.

Grand Total: 90 creatures vanquished

Notes
Turn   | Place    | Note
-------+----------+-------------------------------------------
     0 | D:1      | cayde69 the Hill Orc Fighter began the quest for the Orb.
     0 | D:1      | Reached XP level 1. HP: 19/19 MP: 1/1
   171 | D:1      | Reached skill level 4 in Fighting
   185 | D:1      | Reached XP level 2. HP: 14/27 MP: 2/2
   362 | D:1      | Found a faded altar of an unknown god.
   425 | D:1      | Prayed at the altar of an unknown god.
   425 | D:1      | Became a worshipper of Beogh the Brigand
   425 | D:1      | Reached * piety under Beogh
   755 | D:1      | Reached XP level 3. HP: 34/35 MP: 3/3
   820 | D:1      | Reached skill level 5 in Fighting
  1555 | D:2      | Reached skill level 1 in Short Blades
  1555 | D:2      | Reached XP level 4. HP: 16/42 MP: 4/4
  2202 | D:2      | Reached ** piety under Beogh
  2480 | D:3      | Found Durow's Weapon Shop.
  2511 | D:3      | Reached skill level 1 in Dodging
  2565 | D:3      | Reached XP level 5. HP: 29/50 MP: 5/5
  3767 | D:4      | Noticed Eustachio
  3855 | D:4      | Noticed Blork the orc
  3865 | D:4      | Killed Blork the orc
  3866 | D:4      | Reached skill level 6 in Fighting
  3866 | D:4      | Reached XP level 6. HP: 35/57 MP: 6/6
  4023 | D:4      | Found a runed translucent door.
  4025 | D:4      | Noticed lordive's ghost (amateur GrEE)
  4099 | D:4      | Found a blossoming altar of Fedhas.
  4102 | D:4      | Found a glowing golden altar of the Shining One.
  4105 | D:4      | Found a snail-covered altar of Cheibriados.
  4122 | D:4      | Found a stormy altar of Qazlal.
  4213 | D:4      | Killed Eustachio
  4239 | D:4      | Reached XP level 7. HP: 30/64 MP: 7/7
  4413 | D:4      | Found a shimmering blue altar of Sif Muna.
  4453 | D:4      | Reached skill level 7 in Fighting
  4478 | D:4      | Noticed Pikel
  4501 | D:4      | Reached skill level 5 in Axes
  4515 | D:4      | HP: 3/66 [Pikel (5)]
  4557 | D:4      | HP: 3/66 [lemure[Pikel] (2)]
  4557 | D:4      | Slain by Pikel

Illustrated notes

Levels and vault maps discovered:
D:1:      roderic_crop_circles_arrival_small, layout_basic,
          shapermc_ecumenical_altar_notcrosses
D:2:      kennysheep_the_goblin_king, layout_basic, serial_curves,
          eino_curves_03, eino_curves_01, eino_curves_02, eino_curves_01,
          kennysheep_generic_room_9
D:3:      layout_loops_cross, serial_shops, nicolae_shop_bloodbath_and_beyond,
          minmay_misc_feat_iff
D:4:      layout_basic, lemuel_coloured_pillars_altar,
          kennysheep_okawaru_gauntlet, grunt_temple_overflow_cloverleaf,
          ebering_ghost_reflecting_pool, serial_co_window_serial,
          co_window_paths_a, co_window_of_opportunity_a,
          co_window_of_opportunity_a, co_window_paths_a, co_window_paths_b,
          co_window_broadway_a, co_window_broadway_a, co_window_corner_b,
          co_window_2corner, co_window_cross_4, co_window_paths_d,
          glass_columns_b, glass_columns_b, glass_columns_b, glass_columns_b,
          glass_columns_b, uniq_eustachio, uniq_blork_the_orc, uniq_pikel

Skill      XL: |  1  2  3  4  5  6  7 |
---------------+----------------------+-----
Fighting       | 4 5 6 7 |  7.2
Short Blades   | 1 3 |  3.3
Dodging        | 1 |  1.3
Axes           | 4 5 |  5.1
Armour         | |  3.2
Stealth        | |  0.7
Shields        | |  3.2

Action                   |  1- 3 |  4- 6 |  7- 9 || total
-------------------------+-------+-------+-------++-------
Melee: War axe           |    57 |    18 |    39 ||   114
       Short sword       |    39 |    96 |       ||   135
  Use: Potion            |       |     2 |     1 ||     3
       Scroll            |       |     1 |     3 ||     4
Armor: Scale mail        |    44 |    41 |     7 ||    92
Dodge: Dodged            |    50 |    48 |    18 ||   116
Block: Buckler           |    22 |    17 |     4 ||    43
